 Dungeon Crawl Stone Soup version 0.26.1-11-gd32895ea62 (webtiles) character file.

Game seed: 11831107456837885064

9709 Zeld the Blocker (level 11, -15/103 HPs)
             Began as a Deep Dwarf Fighter on June 10, 2021.
             Was a Priest of Makhleb.
             Killed from afar by an efreet (19 damage)
             ... with a fireball
             ... on level 12 of the Dungeon.
             The game lasted 00:20:00 (12027 turns).

Zeld the Blocker (Deep Dwarf Fighter)              Turns: 12027, Time: 00:20:01

Health: -15/103    AC: 15    Str: 23    XL:     11   Next: 26%
Magic:  0/0        EV:  6    Int:  9    God:    Makhleb [***...]
Gold:   1177       SH: 13    Dex: 12    Spells: 10/10 levels left

rFire    . . .     SeeInvis .   a - +0 war axe
rCold    . . .     Faith    .   c - +0 kite shield
rNeg     . . .     Spirit   .   C - +0 plate armour
rPois    .         Reflect  .   (no helmet)
rElec    .         Harm     .   g - +0 cloak
rCorr    .         Rampage  .   E - +2 pair of gloves
Will     +....                  (no boots)
Stlth    ..........             (no amulet)
HPRegen  0.00/turn              (no ring)
MPRegen  0.07/turn              (no ring)

@: non-regenerating
A: damage resistance, heal wounds, sense surroundings 2, no regeneration
a: Heal Wounds, Renounce Religion, Minor Destruction, Lesser Servant of Makhleb


You were on level 12 of the Dungeon.
You worshipped Makhleb.
Makhleb was most pleased with you.
You visited 2 branches of the dungeon, and saw 13 of its levels.
You also visited: Bailey.

You collected 1177 gold pieces.

Inventory:

Hand Weapons
 a - a +0 war axe (weapon)
Armour
 c - a +0 kite shield (worn)
 g - a +0 cloak (worn)
 C - a +0 plate armour (worn)
 E - a +2 pair of gloves (worn)
Jewellery
 w - an uncursed ring of protection from cold
Wands
 f - a wand of disintegration (27)
 u - a wand of random effects (23)
 x - a wand of flame (16)
 y - a wand of iceblast (8)
 A - a wand of polymorph (7)
 B - a wand of acid (7)
Scrolls
 d - a scroll of enchant armour
 e - 2 scrolls of teleportation
 l - 3 scrolls of magic mapping
 n - a scroll of blinking
 p - a scroll of enchant weapon
 s - 5 scrolls of remove curse
 D - a scroll of fear {unknown}
 G - a scroll of noise {unknown}
Potions
 h - a potion of heal wounds {unknown}
 i - 2 potions of curing {unknown}
 j - a potion of berserk rage {unknown}
 k - 2 potions of degeneration {unknown}
 m - 3 potions of haste {unknown}
 o - a potion of magic {unknown}
 q - 5 potions of attraction {unknown}
 r - 3 potions of invisibility {unknown}
 t - 2 potions of flight {unknown}
 v - a potion of might
 z - 2 potions of lignification {unknown}
 F - 3 potions of mutation {unknown}
Miscellaneous
 b - a box of beasts


   Skills:
 + Level 7.8 Fighting
 * Level 12.1 Axes
 - Level 3.2 Armour
 * Level 12.3 Shields
 + Level 2.5 Invocations


You had 10 spell levels left.
You didn't know any spells.
Your spell library contained the following spells:

 Spells                   Type           Power        Failure   Level
 Apportation              Tloc           0%           100%        1
 Confusing Touch          Hex            0%           100%        3
 Gell's Gravitas          Tloc           0%           100%        3
 Lesser Beckoning         Tloc           0%           100%        3
 Portal Projectile        Hex/Tloc       0%           100%        3
 Teleport Other           Tloc           0%           100%        3
 Iskenderun's Mystic Bla  Conj/Tloc      0%           100%        4
 Petrify                  Tmut/Erth      0%           100%        4
 Irradiate                Conj/Tmut      0%           100%        5
 Metabolic Englaciation   Hex/Ice        0%           100%        5
 Yara's Violent Unravell  Hex/Tmut       0%           100%        5
 Dispersal                Tloc           0%           100%        6
 Hydra Form               Tmut           0%           100%        6
 Statue Form              Tmut/Erth      0%           100%        6
 Dragon Form              Tmut           0%           100%        7


Dungeon Overview and Level Annotations

Branches:
Dungeon (12/15)            Temple (1/1) D:5            Lair (0/6) D:10
    Orc (0/2) D:12         Bailey (visited)

Altars:
Ashenzari
Cheibriados
Dithmenos
Elyvilon
Fedhas
Gozag
Hepliaklqana
Kikubaaqudgha
Makhleb
Nemelex Xobeh
Okawaru
Qazlal
Ru
Sif Muna
Trog
Uskayaw
Vehumet
Wu Jian
Xom
Yredelemnul
Zin
The Shining One

Shops:
D:8 [


Innate Abilities, Weirdness & Mutations

You are resistant to damage.
You can heal yourself by infusing magical energy.
You passively map the area around you.
You do not regenerate.


Message History

Found a box of beasts and a robe.
Aiming: Corrosive Bolt
Press: ? - help, Shift-Dir - straight line, f - orc
Aim: an orc, wearing a +0 chain mail (21% to evade)
The bolt of acid hits the orc!
The orc is splashed with acid.
You kill the orc!
Makhleb accepts your kill.
You feel better.
q - 5 bubbling orange potions (gained 1)
b - a box of beasts You see here a +0 chain mail.
l - 3 scrolls of magic mapping (gained 1)
Found a stone staircase leading up.
Drop what? 33/52 slots (_ for help) (? for menu, Esc to quit)
Okay, then.
Okay, then.
An efreet comes into view.
It is wielding a +4 scimitar of flaming.
The efreet gestures at you.
The fireball explodes!
The fireball engulfs you!!
You die...

#,*#.##...### *****,*******
*,*#,#......# *,*
*,**,##...#.# ***,*******
*,**,*##.##.# *,,,,,,,,,*
**,**,* ####.# *,*,*****,*
*^,,,,* #.# *,*,* *,* **,****
#.# *,*,* *,* *,**#######.###
*,*,* *,* ***,**.....<..@.#
*,*,*** *,* *^*,**.######.#.#
*,*,*,***,* *,*,**,* #.#.#
#....#,**,* *,*,**,* #.#.#
*.....*,*,** *,*,**,* #.#○#
*,o...,,,,,, ***,*,**,*
***#.#○#***,,...*,****
,,,,,,**,*
*,,....R,.,,,,.o,**
***,****,***,*###.#*#..###o**
*,,,,,,,,,,,* *,,,......o##


You could see an efreet.

Vanquished Creatures
  Erica (D:10)
  2 two-headed ogres (D:8)
  2 manticores (D:11)
  The ghost of Icepheonix32 the Zephyrmancer, a novice TeAE of Hepliaklqana (D:9)
  The ghost of oc3rt the Sneak, a novice KoHu (D:6)
  Grinder (D:6)
  A shadow (D:7)
  A wraith (D:11)
  2 wyverns
  4 yaks (D:11)
  A steam dragon (D:10)
  3 wargs (D:10)
  An acid dragon (D:11)
  The ghost of bigdumb the Conjurer, an amateur DECj of Sif Muna (D:4)
  3 orc warriors
  4 sky beasts
  A phantom (D:6)
  6 ice beasts
  A necrophage (D:9)
  2 eyes of draining
  An ogre (D:11)
  2 centaurs
  6 bullfrogs
  A wyvern zombie (D:8)
  A scorpion (D:7)
  4 howler monkeys
  A centaur zombie (D:10)
  2 bullfrog zombies
  4 hounds
  2 jellies
  6 orc priests
  A bullfrog skeleton (D:9)
  A centaur skeleton (D:10)
  11 orc wizards
  Natasha (thrice) (D:2)
  2 iguanas
  10 worker ants
  3 hound skeletons
  13 adders
  2 shadow imps
  5 white imps
  An ooze (D:5)
  2 adder zombies
  An adder skeleton (D:4)
  A worm (D:3)
  A dart slug (D:1)
  A leopard gecko (D:1)
  40 orcs
  4 ball pythons
  6 giant cockroaches
  6 hobgoblins
  13 jackals
  17 kobolds
  2 quokkas
  7 bats
  4 frilled lizards
  13 goblins
  A quokka skeleton (D:4)
  A quokka zombie (D:7)
  6 rats
  A spectral leopard gecko (D:6)
  A spectral quokka (D:6)
249 creatures vanquished.

Vanquished Creatures (collateral kills)
  An ugly thing (D:11)
  4 orc warriors (Bailey)
  A bullfrog (D:11)
  2 gnolls (Bailey)
  6 orcs (Bailey)
  3 goblins (Bailey)
  A hobgoblin (Bailey)
  7 kobolds (Bailey)
25 creatures vanquished.

Grand Total: 274 creatures vanquished

Notes
Turn   | Place    | Note
-------+----------+-------------------------------------------
     0 | D:1      | Zeld the Deep Dwarf Fighter began the quest for the Orb.
     0 | D:1      | Reached XP level 1. HP: 20/20 MP: 1/1
   216 | D:1      | Reached XP level 2. HP: 25/27 MP: 2/2
  1059 | D:2      | Reached XP level 3. HP: 24/34 MP: 3/3
  1239 | D:2      | Noticed Natasha
  1250 | D:2      | Killed Natasha
  1251 | D:2      | Reached XP level 4. HP: 39/42 MP: 4/4
  1252 | D:2      | Noticed Natasha
  1281 | D:2      | Killed Natasha
  1509 | D:2      | Noticed Natasha
  1523 | D:2      | Killed Natasha
  1629 | D:2      | Reached XP level 5. HP: 29/49 MP: 5/5
  1837 | D:3      | Reached skill level 5 in Shields
  2096 | D:3      | Found a glowing golden altar of the Shining One.
  2096 | D:3      | Noticed an angel
  2097 | D:3      | Found a runed translucent door.
  2097 | D:3      | You fall into a shaft and drop 2 floors!
  2097 | D:5      | Entered Level 5 of the Dungeon
  2565 | D:4      | Reached XP level 6. HP: 51/57 MP: 5/5
  2616 | D:4      | Reached skill level 5 in Axes
  2813 | D:4      | Found a runed translucent door.
  2814 | D:4      | Noticed bigdumb's ghost (amateur DECj)
  3715 | D:5      | Reached XP level 7. HP: 35/64 MP: 5/5
  3746 | D:5      | Found a staircase to the Ecumenical Temple.
  3757 | Temple   | Entered the Ecumenical Temple
  3829 | Temple   | Became a worshipper of Makhleb the Destroyer
  4061 | D:4      | Killed bigdumb's ghost
  4386 | D:5      | Found a shimmering altar of Xom.
  4834 | D:6      | Found a transporter.
  4840 | D:6      | Noticed oc3rt's ghost (novice KoHu)
  4866 | D:6      | Found a transporter.
  5370 | D:6      | Reached XP level 8. HP: 51/73 MP: 5/5
  5576 | D:6      | Found a radiant altar of Vehumet.
  5579 | D:6      | Found a shimmering blue altar of Sif Muna.
  5582 | D:6      | Found a broken altar of Ashenzari.
  5585 | D:6      | Found an ancient bone altar of Kikubaaqudgha.
  5671 | D:6      | Reached * piety under Makhleb
  5871 | D:6      | Noticed Grinder
  5881 | D:6      | Killed Grinder
  5882 | D:6      | Reached skill level 5 in Fighting
  5999 | D:6      | Killed oc3rt's ghost
  6470 | D:7      | Gained mutation: You passively map the area around you.
                  | [Deep Dwarf growth]
  6470 | D:7      | Reached XP level 9. HP: 44/81 MP: 5/5
  6968 | D:7      | Reached ** piety under Makhleb
  7634 | D:8      | Found Diasch's Antique Armour Shoppe.
  7734 | D:8      | Noticed a two-headed ogre
  7751 | D:8      | Killed a two-headed ogre
  7752 | D:8      | Reached skill level 10 in Shields
  7971 | D:8      | Noticed a two-headed ogre
  7975 | D:8      | Killed a two-headed ogre
  7976 | D:8      | Reached skill level 10 in Axes
  7976 | D:8      | Reached XP level 10. HP: 86/92 MP: 4/4
  8159 | D:9      | Found an opulent altar of Gozag.
  8330 | D:9      | Found a runed translucent door.
  8331 | D:9      | Noticed Icepheonix32's ghost (novice TeAE)
  8616 | D:9      | Killed Icepheonix32's ghost
  8626 | D:9      | Identified the Grimoire of Translocation
  8645 | D:10     | Entered Level 10 of the Dungeon
  8793 | D:10     | Noticed Erica
  8831 | D:10     | Killed Erica
  9152 | D:10     | Reached *** piety under Makhleb
  9366 | D:10     | Found a staircase to the Lair.
  9855 | D:11     | Noticed a manticore
  9873 | D:11     | Killed a manticore
  9874 | D:11     | Reached XP level 11. HP: 73/100 MP: 3/3
  9904 | D:11     | Reached skill level 1 in Invocations
 10203 | D:11     | Noticed a brown ugly thing
 10245 | D:11     | Killed a brown ugly thing
 10280 | D:11     | Found a stormy altar of Qazlal.
 10599 | D:12     | Found a staircase to the Orcish Mines.
 10642 | D:12     | Found a flagged portal.
 10651 | Bailey   | Entered a bailey
 11791 | Bailey   | Got a brightly glowing arbalest
 11798 | Bailey   | Identified the +10 arbalest "For Erir" {vorpal, Dex+4} (You
                  | found it in a bailey)
 11850 | D:12     | HP: 3/103 [centaur warrior skeleton (1)]
 12027 | D:12     | Killed from afar by an efreet

Illustrated notes

Levels and vault maps discovered:
D:1:      dpeg_arrival_arbitrary_b, layout_basic, feat_on_display
D:2:      layout_basic, kennysheep_pointless_box, uniq_natasha
D:3:      layout_basic, amethyst_killhole, lemuel_angel_altar
D:4:      layout_basic, ebering_ghost_inner_flame, minmay_misc_feat_plants,
          chequers_serial_rivers_small_a
D:5:      layout_basic, lemuel_doored_altar, temple_pool_b, saegor_snake_ambush
D:6:      layout_gridville, grunt_temple_overflow_cloverleaf,
          gammafunk_ghost_mausoleum, uniq_grinder
D:7:      layout_gridville, palyth_stone_intersect
D:8:      layout_basic, serial_shops, shop_statue
D:9:      layout_cave_pools, nicolae_gozag_cash_rules_everything_around_me,
          ebering_ghost_reflecting_pool
D:10:     layout_loops_corners, erik_lair_orcish_takeover, kennysheep_donut,
          uniq_erica
D:11:     cheibrodos_elevator_heist, layout_stronghold,
          nicolae_qazlal_general_emergency
D:12:     layout_loops_ring, david_orc_3, enter_bailey_3
Temple:   eino_temple_rhombus

Skill      XL: |  1  2  3  4  5  6  7  8  9 10 11 |
---------------+----------------------------------+-----
Axes           | 3 4 5 6 8 10 11 12 | 12.1
Fighting       | 3 4 5 6 7 |  7.8
Shields        | 4 5 6 7 8 10 12 | 12.3
Invocations    | 2 |  2.5
Armour         | |  3.2

Action                   |  1- 3 |  4- 6 |  7- 9 | 10-12 || total
-------------------------+-------+-------+-------+-------++-------
Melee: War axe           |    78 |   215 |   353 |   407 ||  1053
Invok: Lesser Servant of |       |       |       |     6 ||     6
       Minor Destruction |       |       |       |    20 ||    20
 Abil: Heal Wounds       |     1 |     4 |    13 |    18 ||    36
Evoke: Wand              |       |       |     4 |    13 ||    17
  Use: Scroll            |       |       |     9 |     8 ||    17
       Potion            |       |       |     1 |       ||     1
 Stab: Distracted        |       |       |     1 |       ||     1
Armor: Scale mail        |    33 |   116 |   132 |   120 ||   401
       Plate armour      |       |       |       |    86 ||    86
Dodge: Dodged            |    25 |    83 |    95 |   131 ||   334
Block: Kite shield       |    53 |   139 |   210 |   327 ||   729
